 Dungeon Crawl Stone Soup version 0.27-a0-1026-gbab068f60c (webtiles) character file.

Game seed: 13471109564448913220

511 DarkShadow the Slasher (level 6, -6/56 HPs)
             Began as a Minotaur Fighter on Apr 18, 2021.
             Mangled by Pikel
             ... wielding a +1 whip of electrocution
              (13 damage)
             ... on level 5 of the Dungeon.
             The game lasted 00:03:59 (3697 turns).

DarkShadow the Slasher (Minotaur Fighter)           Turns: 3697, Time: 00:03:59

Health: -6/56      AC:  9    Str: 23    XL:     6   Next: 99%
Magic:  5/5        EV:  6    Int:  5    God:
Gold:   116        SH: 11    Dex:  9    Spells: 5/5 levels left

rFire    . . .     SeeInvis .   a - +0 long sword (freeze)
rCold    . . .     Faith    .   c - +1 kite shield
rNeg     . . .     Spirit   .   o - +0 chain mail
rPois    .         Reflect  .   (helmet restricted)
rElec    .         Harm     .   (no cloak)
rCorr    .         Rampage  .   (no gloves)
Will     .....                  (no boots)
Stlth    ..........             (no amulet)
HPRegen  0.18/turn              (no ring)
MPRegen  0.09/turn              (no ring)

@: no status effects
A: horns 2, retaliatory headbutt
a: no special abilities


You were on level 5 of the Dungeon.
You visited 1 branch of the dungeon, and saw 5 of its levels.

You collected 116 gold pieces.

Inventory:

Hand Weapons
 a - a +0 long sword of freezing (weapon)
Armour
 b - a +0 scale mail
 c - a +1 kite shield (worn)
 o - a +0 chain mail (worn)
Jewellery
 i - an amulet of magic regeneration
 p - an amulet of guardian spirit
Potions
 d - a potion of might
 e - 2 potions of brilliance {unknown}
 f - a potion of cancellation {unknown}
 g - a potion of resistance {unknown}
 h - 3 potions of curing {unknown}
 j - a potion of heal wounds {unknown}
 k - a potion of flight {unknown}
 l - a potion of mutation {unknown}
 m - a potion of haste {unknown}
 n - a potion of attraction {unknown}


   Skills:
 + Level 5.2 Fighting
 + Level 6.0 Long Blades
 + Level 5.4 Armour
 + Level 1.2 Dodging
 + Level 0.3 Stealth
 + Level 4.9 Shields


You had 5 spell levels left.
You didn't know any spells.
Your spell library was empty.

Dungeon Overview and Level Annotations

Branches:
Dungeon (5/15)
 Temple: D:4-7

Altars:

Shops:
D:4 (

Annotations:
D:5 Pikel


Innate Abilities, Weirdness & Mutations

You have a pair of horns on your head.
You reflexively headbutt those who attack you in melee.


Message History

A lemure comes into view.
The lemure shouts!
The lemure barely misses you. You furiously retaliate!
You headbutt the lemure.
Pikel hits you with a +1 whip of electrocution!
You block Pikel's attack. The lemure hits you but does no damage.
You block the lemure's attack. You block Pikel's attack.
You closely miss Pikel. Your headbutt misses Pikel.
The lemure barely misses you. You block the lemure's attack.
The lemure hits you but does no damage. You block Pikel's attack.
The lemure hits you.
You hit Pikel but do no damage. Your headbutt misses Pikel.
You block the lemure's attack. The lemure hits you but does no damage.
Pikel hits you with a +1 whip of electrocution.
You are electrocuted!
The lemure hits you but does no damage. x2
You closely miss Pikel. Your headbutt misses Pikel.
The lemure hits you but does no damage. You block Pikel's attack.
The lemure hits you but does no damage. The lemure barely misses you.
You furiously retaliate!
You headbutt the lemure, but do no damage.
The lemure hits you but does no damage. You block the lemure's attack.
You barely miss Pikel. Your headbutt misses Pikel. You block Pikel's attack.
The lemure hits you but does no damage. x2; The lemure completely misses you.
You furiously retaliate!
You headbutt the lemure! You block the lemure's attack.
Pikel hits you with a +1 whip of electrocution.
The lemure hits you.
You barely miss Pikel. The lemure hits you. x2
The lemure hits you but does no damage.
Pikel says, "You'll feel the lick of my whip!"
Pikel hits you with a +1 whip of electrocution!
* * * LOW HITPOINT WARNING * * *
The lemure hits you but does no damage. x2
You hit Pikel. You freeze Pikel.
Pikel is lightly wounded.
The lemure hits you but does no damage. You block the lemure's attack.
Pikel hits you with a +1 whip of electrocution.
* * * LOW HITPOINT WARNING * * *
You are electrocuted!
You die...

#....'...#######
#..(....#.........#
#..######.........#####
#. #.#............
#.#...........
#.#...........
#.#.......####
#.##..55.....#
..##..@K.....# ##
#..55.....# .
#.........##..5.
#..............[
#########.......
....... ....... .......
.......


You could see Pikel and 4 lemures.

Vanquished Creatures
  2 ogres (D:4)
  A bullfrog zombie (D:5)
  A hound (D:4)
  A jelly (D:4)
  2 orc priests
  An iguana (D:4)
  Terence (D:2)
  An orc wizard (D:3)
  7 adders
  A dart slug (D:1)
  A worm (D:3)
  3 orcs
  4 endoplasms
  5 goblins
  4 hobgoblins
  5 jackals
  4 kobolds
  2 quokkas
  6 ball pythons
  2 bats
  2 frilled lizards (D:1)
  4 rats
60 creatures vanquished.

Notes
Turn   | Place    | Note
-------+----------+-------------------------------------------
     0 | D:1      | DarkShadow the Minotaur Fighter began the quest for the
                  | Orb.
     0 | D:1      | Reached XP level 1. HP: 19/19 MP: 0/0
   182 | D:1      | Found a faded altar of an unknown god.
   407 | D:1      | Reached XP level 2. HP: 27/27 MP: 1/1
  1242 | D:2      | Reached XP level 3. HP: 29/33 MP: 2/2
  1344 | D:2      | Reached skill level 3 in Long Blades
  1819 | D:2      | Noticed Terence
  1828 | D:2      | Killed Terence
  1829 | D:2      | Reached XP level 4. HP: 31/40 MP: 3/3
  2129 | D:2      | Reached skill level 4 in Long Blades
  2474 | D:3      | Reached XP level 5. HP: 47/47 MP: 4/4
  2632 | D:4      | Reached skill level 5 in Long Blades
  2632 | D:4      | Reached skill level 5 in Armour
  2675 | D:4      | Found Cuwo's Weapon Shoppe.
  2798 | D:4      | Reached XP level 6. HP: 53/53 MP: 5/5
  2962 | D:4      | Reached skill level 1 in Dodging
  3078 | D:4      | Reached skill level 5 in Fighting
  3618 | D:5      | Entered Level 5 of the Dungeon
  3652 | D:5      | Reached skill level 6 in Long Blades
  3680 | D:5      | Noticed Pikel
  3697 | D:5      | Mangled by Pikel

Illustrated notes

Levels and vault maps discovered:
D:1:      dpeg_arrival_round_c, layout_loops_corners,
          chequers_ecumenical_altar_twisty, grunt_decor_resistance
D:2:      layout_basic, uniq_terence
D:3:      minmay_chambers_of_twos, layout_loops_cross
D:4:      layout_loops_ring, serial_shops, shop, grunt_decor_junction
D:5:      layout_basic, uniq_pikel

Skill      XL: |  1  2  3  4  5  6 |
---------------+-------------------+-----
Armour         | 4 5 |  5.4
Fighting       | 4 5 |  5.2
Long Blades    | 3 4 5 6 |  6.0
Shields        | 4 |  4.9
Dodging        | 1 |  1.2
Stealth        | |  0.3

Action                   |  1- 3 |  4- 6 || total
-------------------------+-------+-------++-------
Melee: Long sword        |    66 |    96 ||   162
       Headbutt          |    10 |    17 ||    27
  Use: Scroll            |       |     5 ||     5
Armor: Scale mail        |    28 |       ||    28
       Chain mail        |       |    57 ||    57
Dodge: Dodged            |    17 |    20 ||    37
Block: Kite shield       |    36 |    51 ||    87
       Rpst.: Long sword |     4 |     3 ||     7

Table legend: (Time is in decaauts)
 A = Elapsed time spent in this place.
 B = Non-inter-level travel time spent in this place.
 C = Inter-level travel time spent in this place.
 D = Time resting spent in this place.
 E = Time spent auto-exploring this place.
 F = Levels seen in this place.
 G = Mean time per level.
                   A        B        C        D        E       F      G
               +--------+--------+--------+--------+--------+-----+--------+
         Total |   3762 |   3676 |     86 |    751 |   2463 |   5 |  752.4 |
       Dungeon |   3762 |   3676 |     86 |    751 |   2463 |   5 |  752.4 |
               +--------+--------+--------+--------+--------+-----+--------+

Top non-repeatable levels by time:
     D:2: 1223 daAuts
     D:1: 1221 daAuts
     D:4: 1016 daAuts
     D:3: 217 daAuts
     D:5: 84 daAuts
